 Dungeon Sprint DCSS version 0.21-a0-286-g6fcecc0 (webtiles) character file.

448 potatolord6000 the Blocker (level 7, -6/54 HPs)
             Began as a Formicid Fighter on Sept 27, 2017.
             Was a Follower of Hepliaklqana.
             Mangled by an ice devil (19 damage)
             ... in the Dungeon (Sprint VII: "The Pits").
             The game lasted 00:02:06 (563 turns).

potatolord6000 the Blocker (Formicid Fighter)        Turns: 563, Time: 00:02:08

Health: -6/54      AC: 13    Str: 22    XL:     7   Next: 24%
Magic:  12/12      EV:  8    Int:  8    God:    Hepliaklqana [*.....]
Gold:   0          SH: 11    Dex: 10    Spells: 6/6 levels left

rFire    . . .     SeeInvis +   h - +2 long sword (holy)
rCold    . . .     Gourm    .   c - +0 shield
rNeg     . . .     Faith    .   a - +3 chain mail
rPois    .         Spirit   .   (helmet unavailable)
rElec    .         Reflect  .   (no cloak)
rCorr    .         Harm     .   (no gloves)
MR       .....                  (no boots)
Stlth    ..........             (no amulet)
HPRegen  0.18/turn              (no ring)
MPRegen  0.13/turn              (no ring)

@: no status effects
A: permanent stasis, dig shafts and tunnels, four strong arms, reduced essence,
antennae 3
a: Dig, Recall Ancestor, Ancestor Identity, Renounce Religion


You were in the Dungeon.
You worshipped Hepliaklqana.
Hepliaklqana was aware of your devotion.
You were not hungry.

You visited 1 branch

Inventory:

Hand Weapons
 h - a +2 long sword of holy wrath (weapon)
Armour
 a - a +3 chain mail (worn)
 c - a +0 shield (worn)
Scrolls
 m - 3 scrolls of remove curse
 n - 5 scrolls of amnesia
 o - a scroll of summoning
Potions
 e - 6 potions of curing
 g - 5 potions of heal wounds
 i - 4 potions of magic
 l - 2 potions of invisibility
Comestibles
 f - 8 bread rations
 p - 40 fruits
 q - 7 meat rations


   Skills:
 + Level 7.8 Fighting
 + Level 6.8 Long Blades
 + Level 7.9 Armour
 + Level 8.7 Shields
 + Level 7.6 Invocations


You had 6 spell levels left.
You didn't know any spells.

Dungeon Overview and Level Annotations

Branches:
Dungeon (1/1)

Altars:
Ashenzari
Cheibriados
Dithmenos
Elyvilon
Fedhas
Gozag
Hepliaklqana
Kikubaaqudgha
Makhleb
Nemelex Xobeh
Okawaru
Qazlal
Ru
Sif Muna
Trog
Uskayaw
Vehumet
Wu Jian
Xom
Yredelemnul
Zin
The Shining One
Beogh
Jiyva
Lugonu


Innate Abilities, Weirdness & Mutations

You cannot be hasted, slowed, berserked, paralysed or teleported.
You can dig through walls and to a lower floor.
Your four strong arms can wield two-handed weapons with a shield.
You have a pair of large antennae on your head. (SInv)
Your life essence is reduced to manifest your ancestor. (-10% HP)


Message History

Lucia hits the ice devil but does no damage.
The ice devil hits Lucia.
The ice devil freezes Lucia!
Lucia resists.
Unknown command.
You hit the ice devil but do no damage.
The ice devil is almost dead.
Lucia completely misses the ice devil.
You block the ice devil's attack.
Unknown command.
Your chain mail prevents you from hitting the ice devil.
The ice devil is almost dead.
Lucia barely misses the ice devil.
The ice devil hits you. The ice devil freezes you!
Unknown command.
You hit the ice devil but do no damage.
The ice devil is almost dead.
Lucia hits the ice devil but does no damage.
The ice devil hits you!
* * * LOW HITPOINT WARNING * * *
The ice devil freezes you!!
You die...

#.#........##.......#
#)###########.......#
#).)....#{{ #########
{ #...#...#{ {
#..)#...#{ {
#.##.##.#+#
#...#.).#.+ {
#...#...#4#
#.......R@# {
###########


You could see the friendly Lucia the ancestor and an ice devil.

Vanquished Creatures
  A hungry ghost (D)
  5 wights (D)
  A hound (D)
  2 iguanas (D)
  An ufetubus (D)
  An ooze (D)
  A bat (D)
  A hobgoblin (D)
  4 jackals (D)
  A ball python (D)
  A rat (D)
19 creatures vanquished.

Vanquished Creatures (collateral kills)
  An orc (D)
  A hobgoblin (D)
  2 frilled lizards (D)
4 creatures vanquished.

Grand Total: 23 creatures vanquished

Notes
Turn   | Place    | Note
-------+----------+-------------------------------------------
     0 | D        | potatolord6000 the Formicid Fighter began the quest for the Orb.
     0 | D        | Reached XP level 1. HP: 18/18 MP: 1/1
    54 | D        | Found a bloodstained altar of Trog.
    54 | D        | Found a deep blue altar of Sif Muna.
    54 | D        | Found a viscous altar of Jiyva.
    54 | D        | Found a hazy altar of Hepliaklqana.
    54 | D        | Found an opulent altar of Gozag.
    55 | D        | Found a glowing golden altar of the Shining One.
    55 | D        | Found a glowing silver altar of Zin.
    55 | D        | Found a basalt altar of Yredelemnul.
    55 | D        | Found a shimmering altar of Xom.
    55 | D        | Found an ornate altar of the Wu Jian Council.
    55 | D        | Found a sacrificial altar of Ru.
    55 | D        | Found a stormy altar of Qazlal.
    55 | D        | Found an iron altar of Okawaru.
    55 | D        | Found a sparkling altar of Nemelex Xobeh.
    55 | D        | Found a burning altar of Makhleb.
    55 | D        | Found a blossoming altar of Fedhas.
    55 | D        | Found a white marble altar of Elyvilon.
    55 | D        | Found a shadowy altar of Dithmenos.
    55 | D        | Found a snail-covered altar of Cheibriados.
    57 | D        | Found a radiant altar of Vehumet.
    57 | D        | Found a corrupted altar of Lugonu.
    57 | D        | Found a roughly hewn altar of Beogh.
    59 | D        | Found an ancient bone altar of Kikubaaqudgha.
    59 | D        | Found a hide-covered altar of Uskayaw.
    59 | D        | Found a shattered altar of Ashenzari.
    61 | D        | Became a worshipper of Hepliaklqana the Forgotten
    79 | D        | Reached skill level 4 in Shields
    85 | D        | Reached skill level 1 in Invocations
    90 | D        | Reached XP level 2. HP: 17/22 MP: 1/3
   199 | D        | Reached skill level 5 in Shields
   199 | D        | Reached XP level 3. HP: 16/27 MP: 3/5
   209 | D        | Reached XP level 4. HP: 25/34 MP: 4/6
   216 | D        | Reached * piety under Hepliaklqana
   291 | D        | Reached skill level 5 in Fighting
   291 | D        | Reached skill level 5 in Armour
   292 | D        | Noticed a hungry ghost
   295 | D        | Reached skill level 6 in Shields
   295 | D        | Reached XP level 5. HP: 33/41 MP: 6/8
   299 | D        | Reached skill level 5 in Long Blades
   299 | D        | Reached skill level 5 in Invocations
   301 | D        | Killed a hungry ghost
   301 | D        | Reached skill level 7 in Shields
   301 | D        | Reached XP level 6. HP: 29/49 MP: 7/11
   302 | D        | Reached skill level 8 in Shields
   310 | D        | Reached XP level 7. HP: 26/54 MP: 8/12
   553 | D        | Noticed an ice devil
   563 | D        | Mangled by an ice devil

Vault maps used:
D:        pitsprint

Skill      XL: |  1  2  3  4  5  6 |
---------------+-------------------+-----
Shields        | 4 5 6 7 8 |  8.7
Invocations    | 1 2 3 4 6 7 |  7.6
Fighting       | 4 5 7 |  7.8
Long Blades    | 3 4 6 |  6.8
Armour         | 4 5 7 |  7.9

Action                   |  1- 3 |  4- 6 |  7- 9 || total
-------------------------+-------+-------+-------++-------
Melee: Long sword        |    38 |    15 |    15 ||    68
  Use: Potion            |     1 |     1 |       ||     2
Armor: Scale mail        |    38 |       |       ||    38
       Chain mail        |       |    11 |       ||    11
Dodge: Dodged            |    25 |    14 |     1 ||    40
Block: Shield            |    39 |    13 |    11 ||    63
       Rpst.: Long sword |     7 |     3 |     1 ||    11

Table legend:
 A = Spawn XP
 B = Non-spawn XP
 C = Spawn XP percentage of total XP
 D = Spawn monster count
 E = Non-spawn monster count
 F = Spawn count percentage of total count
 G = Total turns spent on level
                    A         B        C        D         E        F      G
               +---------+---------+-------+---------+---------+-------+---------
         Total |       0 |     641 |   0.0 |       0 |      23 |   0.0 |   563
               +---------+---------+-------+---------+---------+-------+---------
             D |       0 |     641 |   0.0 |       0 |      23 |   0.0 |   563
               +---------+---------+-------+---------+---------+-------+---------
